 Dungeon Crawl Stone Soup version 0.19.1-1-g22dce08 (webtiles) character file.

3677 Jynx the Purveyor of Pain (level 9, -13/55 (57) HPs)
             Began as a Vampire Necromancer on Jan 15, 2017.
             Was an Initiate of Kikubaaqudgha.
             Mangled by a hill giant
             ... wielding a +0 giant club
              (27 damage)
             ... on level 9 of the Dungeon.
             The game lasted 00:23:00 (9414 turns).

Jynx the Purveyor of Pain (Vampire Necromancer)     Turns: 9414, Time: 00:23:02

HP:   -13/55 (57)   AC:  6    Str:  7    XL:     9   Next: 89%
MP:   19/28         EV: 13    Int: 18    God:    Kikubaaqudgha [......]
Gold: 495           SH:  0    Dex: 17    Spells: 3 memorised, 13 levels left

rFire  . . .     SeeInvis +     t - +1 dagger (flame)
rCold  + . .     Gourm    .     f - +0 robe {Archmagi}
rNeg   + + .     Faith    .     (no shield)
rPois  +         Spirit   .     q - +0 helmet
rElec  .         Reflect  .     x - +1 cloak
rCorr  .         Harm     .     (no gloves)
MR     .....                    m - +0 pair of boots
Stlth  +++++++...               c - amulet of regeneration
                                o - ring of flight
                                e - ring of magical power

@: regenerating slowly
A: fangs 3, camouflage 1, see invisible, unbreathing
a: Bat Form, Renounce Religion, Evoke Flight


You were on level 9 of the Dungeon.
You worshipped Kikubaaqudgha.
Kikubaaqudgha was noncommittal.
You were thirsty.

You visited 2 branches of the dungeon, and saw 11 of its levels.

You collected 495 gold pieces.

Inventory:

Hand Weapons
 t - a +1 dagger of flaming (weapon)
Armour
 f - a +0 robe of the Archmagi (worn)
 m - a +0 pair of boots (worn)
 q - a +0 helmet (worn)
 x - a +1 cloak (worn)
Jewellery
 c - an amulet of regeneration (around neck)
 e - a ring of magical power (left hand)
 o - a ring of flight (right hand)
Wands
 n - a wand of lightning (5/15)
 u - a wand of iceblast (10/15)
 v - a wand of confusion (13/48)
 w - a wand of iceblast (6/15)
Scrolls
 a - 5 scrolls of enchant armour
 g - 3 scrolls of amnesia
 k - 3 scrolls of immolation
 l - 3 scrolls of magic mapping
 p - 3 scrolls of identify
 r - 2 scrolls of teleportation
 s - 3 scrolls of remove curse
Potions
 d - a potion of heal wounds
 h - 4 potions of curing
 i - a potion of invisibility
 j - 2 potions of haste
Books
 b - a book of Necromancy

   Spells                             Type                      Level
   a - Pain                           Necromancy                   1
   b - Animate Skeleton               Necromancy                   1
   c - Vampiric Draining              Necromancy                   3
   d - Regeneration                   Charms/Necromancy            3
   e - Animate Dead                   Necromancy                   4
   f - Control Undead                 Necromancy                   4


   Skills:
 + Level 0.4 Short Blades
 + Level 2.3 Dodging
 + Level 10.9 Stealth
 + Level 6.7 Spellcasting
 + Level 11.8 Necromancy


You had 13 spell levels left.
You knew the following spells:

 Your Spells              Type           Power        Failure   Level  Hunger
a - Pain                  Necr           ####         1%          1    None
b - Vampiric Draining     Necr           ######....   1%          3    ##.....
c - Control Undead        Necr           ######....   1%          4    ####...


Dungeon Overview and Level Annotations

Branches:
Dungeon (10/15)            Temple (1/1) D:4
   Lair: D:8-11         Orc: D:9-12

Altars:
Ashenzari
Cheibriados
Dithmenos
Elyvilon
Fedhas
Hepliaklqana
Kikubaaqudgha
Makhleb
Nemelex Xobeh
Okawaru
Qazlal
Ru
Sif Muna
Trog
Uskayaw
Vehumet
Xom
Yredelemnul
Zin
The Shining One

Shops:
D:4 [   D:7 [

Annotations:
D:10 Harold


Innate Abilities, Weirdness & Mutations

You heal slowly.
You have razor-sharp teeth.
You have supernaturally acute eyesight. (SInv)
You can survive without breathing.
Your skin changes colour to match your surroundings (Stealth+).


Message History

Casting: Vampiric Draining
Confirm with . or Enter, or press ? or * to list all spells.
Aiming: Pain
Press: ? - help, Shift-Dir - straight line, f/p - hill giant
Aim: a hill giant, wielding a giant club (moderately wounded, chance to defeat MR: 71%)
You feel a surge of power!
The hill giant writhes in agony!
The hill giant hits you with a giant club!!
* * * LOW HITPOINT WARNING * * *
Casting: Pain
Confirm with . or Enter, or press ? or * to list all spells.
Aiming: Vampiric Draining
Press: ? - help, Shift-Dir - straight line, f/p - hill giant
Aim: a hill giant, wielding a giant club (moderately wounded)
You feel a surge of power!
The hill giant is heavily wounded.
You feel life coursing into your body.
You are feeling thirsty.
The hill giant hits you with a giant club!!
You die...
Kikubaaqudgha rasps: "You have failed me!
Welcome... oblivion!"

##### #...
#################.## #
............@C.#8.8#....
#####...######.......#
#...# ###8.8###
#########...# ##.##
............#########...
.........................
..†......###############...
########## ..# .#


You could see a hill giant.

Vanquished Creatures
  A troll (D:8)
  A hippogriff (D:8)
  A wyvern (D:8)
  A water moccasin (D:7)
  An orc warrior (D:9)
  2 ice beasts (D:9)
  3 sky beasts
  An eye of draining (D:9)
  3 ogres
  A black bear (D:5)
  3 centaurs
  A necrophage (D:9)
  A crocodile (D:9)
  3 big kobolds (D:8)
  3 bullfrogs
  2 scorpions
  3 crimson imps
  A gnoll shaman (D:5)
  3 orc priests
  Crazy Yiuf (D:7)
  A centaur skeleton (D:7)
  3 iguanas (D:7)
  3 orc wizards
  10 worker ants
  A hound skeleton (D:7)
  Robin (D:4)
  18 gnolls
  14 adders
  A shadow imp (D:8)
  A dart slug (D:2)
  A leopard gecko (D:1)
  19 orcs
  4 giant cockroaches
  12 goblins
  17 hobgoblins
  15 jackals
  14 kobolds
  A ball python (D:3)
  5 bats
  A frilled lizard (D:2)
  A leopard gecko skeleton (D:5)
  A quokka skeleton (D:8)
  5 rats
185 creatures vanquished.

Notes
Turn   | Place    | Note
-------+----------+-------------------------------------------
     0 | D:1      | Jynx the Vampire Necromancer began the quest for the Orb.
     0 | D:1      | Reached XP level 1. HP: 13/13 MP: 3/3
   510 | D:1      | Reached XP level 2. HP: 15/19 MP: 0/5
   984 | D:1      | Reached skill level 5 in Necromancy
  1280 | D:2      | Reached XP level 3. HP: 13/24 MP: 0/6
  1895 | D:2      | Gained mutation: Your skin changes colour to match your surroundings (Stealth+). [potion of beneficial mutation]
  2287 | D:3      | Reached XP level 4. HP: 23/30 MP: 7/7
  3056 | D:4      | Found Muc Kole's Antique Armour Emporium.
  3117 | D:4      | Found a staircase to the Ecumenical Temple.
  3134 | Temple   | Entered the Ecumenical Temple
  3300 | D:4      | Noticed a phantom
  3330 | D:3      | Learned a level 3 spell: Vampiric Draining
  3335 | D:3      | Learned a level 4 spell: Control Undead
  3360 | D:4      | Noticed Robin
  3506 | D:4      | Killed Robin
  3908 | D:4      | Reached XP level 5. HP: 34/35 MP: 9/9
  3911 | D:4      | Reached skill level 6 in Necromancy
  4061 | D:5      | Entered Level 5 of the Dungeon
  4134 | D:5      | Noticed an ogre
  4425 | D:5      | Reached XP level 6. HP: 34/41 MP: 6/11
  4574 | D:5      | Reached skill level 5 in Stealth
  4737 | D:5      | Reached skill level 7 in Necromancy
  5001 | D:6      | Reached XP level 7. HP: 44/46 MP: 12/12
  5551 | D:6      | Reached skill level 8 in Necromancy
  6116 | D:6      | Reached XP level 8. HP: 52/52 MP: 14/14
  6217 | D:6      | Reached skill level 9 in Necromancy
  6356 | D:7      | Found Oklucroi's Armour Shop.
  6805 | D:7      | Reached skill level 5 in Spellcasting
  6850 | D:7      | You fall through a shaft for 3 floors!
  6850 | D:10     | Entered Level 10 of the Dungeon
  6850 | D:10     | Noticed Harold
  6858 | D:9      | Reached skill level 10 in Necromancy
  6980 | D:7      | Found an ancient bone altar of Kikubaaqudgha.
  6984 | D:7      | Found a deep blue altar of Sif Muna.
  7192 | D:7      | Found a shattered altar of Ashenzari.
  7194 | D:7      | Found a glowing golden altar of the Shining One.
  7327 | D:7      | Found a runed door.
  7331 | D:7      | Noticed Crazy Yiuf
  7336 | D:7      | Killed Crazy Yiuf
  7471 | D:8      | Reached XP level 9. HP: 57/57 MP: 17/17
  7957 | D:8      | Noticed a troll
  8325 | D:8      | Killed a troll
  8449 | D:8      | Reached skill level 10 in Stealth
  8449 | D:8      | Reached skill level 11 in Necromancy
  8825 | D:7      | Became a worshipper of Kikubaaqudgha
  9033 | D:9      | Noticed a hill giant
  9414 | D:9      | Mangled by a hill giant

Skill      XL: |  1  2  3  4  5  6  7  8  9 |
---------------+----------------------------+-----
Necromancy     | 5 6 7 8 10 11 | 11.8
Stealth        | 4 5 7 9 10 | 10.9
Spellcasting   | 3 4 5 6 |  6.7
Short Blades   | |  0.4
Dodging        | |  2.3

Action                   |  1- 3 |  4- 6 |  7- 9 || total
-------------------------+-------+-------+-------++-------
Melee: Unarmed           |     4 |       |       ||     4
       Short sword       |     7 |    20 |       ||    27
       Bite              |       |     3 |    14 ||    17
       Dagger            |       |     4 |   143 ||   147
 Cast: Pain              |    71 |   110 |   259 ||   440
       Control Undead    |       |     5 |     3 ||     8
       Vampiric Draining |       |     4 |    18 ||    22
 Abil: End Transformatio |       |     2 |     6 ||     8
       Bat Form          |       |     2 |     6 ||     8
Evoke: Wand              |       |       |     2 ||     2
  Use: Scroll            |     5 |     8 |     5 ||    18
       Potion            |     1 |       |       ||     1
 Stab: Sleeping          |       |     1 |    13 ||    14
       Distracted        |       |       |     1 ||     1
  Eat: Corpse            |     7 |     7 |    11 ||    25
Armor: Robe              |     2 |    20 |    44 ||    66
Dodge: Dodged            |    11 |    60 |   165 ||   236
